General information
- name: BNet
- type: Ladder team game (AT/RT)
- host: Battle.net
- saver: FokkJu
map: Cherryville
- players: 8
- length: 51:31
- speed: Fast
- version: 1.26 W3XP
- replay type: Public
» download(317 KB)
Players
team 1 (winner)

»
SukMiBaLLz (
yellow | 80 APM | 2891 actions | 36:07)
8 Dreadlord
3 Sleep
3 Vampiric Aura
1 Inferno
1 Carrion Swarm
» actions
| Assign group hotkey | 935 | |
| Basic commands | 3 | |
| Build / train | 74 | |
| Enter build submenu | 18 | |
| Enter hero's abilities submenu | 9 | |
| Remove unit from queue | 2 | |
| Right click | 1057 | |
| Select / deselect | 464 | |
| Select group hotkey | 249 | |
| Use ability | 80 | |
2891 total
» units
| Acolyte | 7 | |
| Ghoul | 13 | |
| Gargoyle | 24 | |
| Frost Wyrm | 2 | |
46 total
» upgrades
| Creature Attack | 2 | |
| Creature Carapace | 1 | |
3 total
» buildings
| Crypt | 2 | |
| Ziggurat | 8 | |
| Altar of Darkness | 1 | |
| Tomb of Relics | 1 | |
| Nerubian Tower | 2 | |
| Graveyard | 1 | |
| Halls of the Dead | 1 | |
| Necropolis | 1 | |
| Black Citadel | 1 | |
| Sacrificial Pit | 1 | |
| Spirit Tower | 3 | |
| Boneyard | 1 | |
23 total
» build order
00:13 Crypt
00:27 Ziggurat
00:44 Altar of Darkness
00:53 Tomb of Relics
01:22 Ziggurat
02:15 Ziggurat
02:21 Nerubian Tower
04:07 Graveyard
05:19 Halls of the Dead
06:35 Necropolis
07:48 Ziggurat
07:50 Ziggurat
07:52 Ziggurat
07:58 Black Citadel
08:15 Sacrificial Pit
08:23 Crypt
08:38 Ziggurat
08:41 Spirit Tower
08:42 Spirit Tower
08:53 Spirit Tower
09:42 Nerubian Tower
10:29 Boneyard
10:56 Ziggurat
» items
| Rod of Necromancy | 1 | |
| Scroll of Town Portal | 3 | |
| Orb of Corruption | 1 | |
| Potion of Healing | 1 | |
6 total
FokkJu (
purple | 112 APM | 5760 actions | 51:31)
10 Archmage
3 Summon Water Elemental
3 Brilliance Aura
1 Mass Teleport
3 Blizzard
9 Mountain King
3 Storm Bolt
3 Bash
1 Avatar
2 Thunder Clap
» actions
| Assign group hotkey | 74 | |
| Basic commands | 294 | |
| Build / train | 202 | |
| ESC pressed | 7 | |
| Enter build submenu | 57 | |
| Enter hero's abilities submenu | 20 | |
| Give item / drop item | 13 | |
| Right click | 2579 | |
| Select / deselect | 649 | |
| Select group hotkey | 1455 | |
| Use ability | 410 | |
5760 total
» units
| Peasant | 27 | |
| Footman | 4 | |
| Goblin Zeppelin | 3 | |
| Gryphon Rider | 8 | |
| Dragonhawk Rider | 5 | |
| Goblin Sapper | 8 | |
| Sorceress | 1 | |
| Goblin Shredder | 4 | |
60 total
» upgrades
| Masonry | 3 | |
| Swords | 3 | |
| Armor | 3 | |
| Lumber Harvesting | 1 | |
| Animal War Training | 1 | |
| Storm Hammers | 2 | |
| Magic Sentry | 1 | |
| Sorceress Training | 1 | |
| Cloud | 1 | |
16 total
» buildings
| Altar of Kings | 1 | |
| Barracks | 1 | |
| Farm | 12 | |
| Arcane Vault | 1 | |
| Lumber Mill | 1 | |
| Town Hall | 4 | |
| Scout Tower | 20 | |
| Guard Tower | 40 | |
| Keep | 3 | |
| Blacksmith | 1 | |
| Castle | 4 | |
| Gryphon Aviary | 7 | |
| Arcane Sanctum | 1 | |
96 total
» build order
00:37 Altar of Kings
00:39 Barracks
00:50 Farm
01:04 Farm
02:07 Arcane Vault
02:17 Lumber Mill
02:31 Farm
02:51 Farm
03:43 Town Hall
03:48 Scout Tower
03:48 Scout Tower
03:51 Scout Tower
03:54 Scout Tower
04:53 Guard Tower
04:53 Guard Tower
04:53 Guard Tower
04:53 Guard Tower
04:54 Guard Tower
04:54 Guard Tower
04:54 Guard Tower
05:51 Keep
05:51 Keep
05:52 Keep
05:55 Scout Tower
06:14 Scout Tower
06:16 Scout Tower
06:30 Guard Tower
06:30 Guard Tower
06:30 Guard Tower
06:33 Scout Tower
06:36 Farm
06:40 Scout Tower
06:43 Guard Tower
06:43 Guard Tower
07:00 Guard Tower
07:00 Guard Tower
07:00 Guard Tower
07:02 Guard Tower
07:02 Guard Tower
07:03 Guard Tower
07:03 Guard Tower
07:18 Guard Tower
07:19 Guard Tower
07:19 Guard Tower
07:31 Blacksmith
08:20 Castle
08:20 Castle
09:53 Gryphon Aviary
09:56 Gryphon Aviary
14:41 Arcane Sanctum
16:17 Guard Tower
18:04 Scout Tower
18:05 Scout Tower
18:06 Scout Tower
18:07 Scout Tower
18:40 Guard Tower
18:40 Guard Tower
18:41 Guard Tower
18:41 Farm
19:48 Gryphon Aviary
20:16 Gryphon Aviary
20:20 Gryphon Aviary
20:22 Gryphon Aviary
20:34 Gryphon Aviary
21:06 Farm
21:07 Farm
21:08 Farm
21:08 Farm
21:09 Farm
24:23 Farm
25:15 Town Hall
26:15 Town Hall
26:20 Scout Tower
26:21 Scout Tower
26:22 Scout Tower
27:41 Guard Tower
27:41 Guard Tower
27:43 Scout Tower
27:44 Scout Tower
27:46 Scout Tower
27:51 Scout Tower
28:26 Guard Tower
28:26 Guard Tower
36:05 Town Hall
» items
| Mechanical Critter | 5 | |
| Scroll of Regeneration | 5 | |
| Scroll of Town Portal | 2 | |
| Ivory Tower | 5 | |
| Staff of Sanctuary | 1 | |
| Potion of Healing | 7 | |
| Orb of Fire | 1 | |
| Potion of Mana | 1 | |
27 total
conmaster (
pink | 30 APM | 1563 actions | 51:30)
7 Archmage
2 Summon Water Elemental
2 Brilliance Aura
2 Blizzard
1 Mass Teleport
» actions
| Basic commands | 222 | |
| Build / train | 139 | |
| ESC pressed | 6 | |
| Enter build submenu | 44 | |
| Enter hero's abilities submenu | 7 | |
| Give item / drop item | 3 | |
| Right click | 414 | |
| Select / deselect | 590 | |
| Use ability | 138 | |
1563 total
» units
| Peasant | 15 | |
| Footman | 15 | |
| Goblin Shredder | 1 | |
| Priest | 7 | |
| Knight | 12 | |
| Siege Engine | 8 | |
| Wind Rider | 2 | |
| Tauren | 3 | |
| Mortar Team | 2 | |
65 total
» upgrades
| Masonry | 3 | |
| Plating | 2 | |
| Swords | 2 | |
| Lumber Harvesting | 2 | |
| Magic Sentry | 1 | |
| Barrage | 1 | |
| Gunpowder | 3 | |
| Animal War Training | 1 | |
15 total
» buildings
| Lumber Mill | 1 | |
| Altar of Kings | 1 | |
| Farm | 11 | |
| Barracks | 2 | |
| Town Hall | 4 | |
| Scout Tower | 18 | |
| Guard Tower | 10 | |
| Arcane Vault | 2 | |
| Arcane Tower | 2 | |
| Keep | 2 | |
| Blacksmith | 1 | |
| Arcane Sanctum | 2 | |
| Castle | 1 | |
| Workshop | 2 | |
59 total
» build order
00:47 Lumber Mill
00:53 Altar of Kings
01:07 Farm
01:46 Farm
01:59 Barracks
02:19 Barracks
02:25 Farm
02:30 Farm
03:05 Farm
03:13 Farm
05:19 Town Hall
05:24 Scout Tower
05:28 Scout Tower
05:45 Scout Tower
05:47 Scout Tower
05:58 Guard Tower
05:59 Guard Tower
06:04 Scout Tower
06:10 Scout Tower
06:16 Arcane Vault
06:36 Arcane Tower
06:38 Guard Tower
06:40 Guard Tower
06:42 Guard Tower
06:48 Scout Tower
07:15 Arcane Tower
07:19 Scout Tower
07:58 Guard Tower
08:04 Arcane Vault
08:44 Keep
08:44 Keep
09:57 Blacksmith
11:04 Scout Tower
11:08 Scout Tower
11:11 Scout Tower
11:18 Arcane Sanctum
11:33 Castle
11:49 Guard Tower
11:59 Arcane Sanctum
12:45 Farm
12:56 Scout Tower
12:57 Scout Tower
13:20 Workshop
13:31 Farm
13:37 Guard Tower
13:39 Scout Tower
13:41 Scout Tower
14:12 Guard Tower
14:18 Scout Tower
14:22 Scout Tower
14:28 Workshop
15:42 Farm
24:20 Farm
25:03 Farm
28:05 Scout Tower
28:36 Guard Tower
30:51 Town Hall
31:14 Town Hall
34:47 Town Hall
» items
| Scroll of Regeneration | 5 | |
| Lesser Clarity Potion | 4 | |
| Mechanical Critter | 2 | |
| Scroll of Speed | 2 | |
| Potion of Healing | 7 | |
| Healing Salve | 1 | |
| Scroll of Town Portal | 5 | |
| Staff of Teleportation | 1 | |
| Potion of Lesser Invulnerability | 2 | |
| Scroll of Protection | 1 | |
| Potion of Invisibility | 1 | |
| Orb of Fire | 1 | |
| Potion of Mana | 2 | |
34 total
LEGOBeavis (
orange | 38 APM | 687 actions | 18:18)
3 Tauren Chieftain
1 Shockwave
2 Endurance Aura
» actions
| Basic commands | 25 | |
| Build / train | 57 | |
| Enter build submenu | 19 | |
| Enter hero's abilities submenu | 3 | |
| Give item / drop item | 2 | |
| Remove unit from queue | 2 | |
| Right click | 309 | |
| Select / deselect | 220 | |
| Use ability | 50 | |
687 total
» units
| Peon | 12 | |
| Grunt | 8 | |
| Tauren | 4 | |
| Raider | 1 | |
25 total
» upgrades
| Pillage | 1 | |
| Melee Weapons | 2 | |
| Armor | 2 | |
| Berserker Strength | 1 | |
| Reinforced Defenses | 1 | |
| Ensnare | 2 | |
| Pulverize | 1 | |
10 total
» buildings
| Altar of Storms | 1 | |
| Orc Burrow | 4 | |
| Barracks | 1 | |
| Voodoo Lounge | 1 | |
| War Mill | 1 | |
| Watch Tower | 6 | |
| Stronghold | 1 | |
| Fortress | 1 | |
| Tauren Totem | 1 | |
| Beastiary | 2 | |
19 total
» build order
00:30 Altar of Storms
00:35 Orc Burrow
00:55 Orc Burrow
01:54 Barracks
02:35 Voodoo Lounge
02:59 War Mill
03:33 Orc Burrow
04:13 Watch Tower
04:34 Stronghold
06:07 Watch Tower
06:26 Watch Tower
07:17 Fortress
07:24 Watch Tower
10:04 Tauren Totem
10:10 Beastiary
10:15 Beastiary
10:37 Watch Tower
10:40 Watch Tower
15:41 Orc Burrow
» items
| Healing Salve | 2 | |
| Scroll of Speed | 3 | |
| Potion of Healing | 1 | |
| Potion of Mana | 1 | |
| Circlet of Nobility | 1 | |
| Scroll of Protection | 1 | |
| Lesser Clarity Potion | 1 | |
| Orb of Lightning | 4 | |
14 total
team 2 (loser)
Jisus (
blue | 73 APM | 2354 actions | 32:23)
7 Blood Mage
3 Flame Strike
3 Siphon Mana
1 Summon Phoenix
5 Paladin
3 Holy Light
2 Devotion Aura
» actions
| Basic commands | 3 | |
| Build / train | 78 | |
| Enter build submenu | 24 | |
| Enter hero's abilities submenu | 12 | |
| Give item / drop item | 2 | |
| Right click | 1416 | |
| Select / deselect | 677 | |
| Use ability | 142 | |
2354 total
» units
| Peasant | 18 | |
| Footman | 6 | |
| Sorceress | 4 | |
| Priest | 2 | |
| Spell Breaker | 1 | |
| Dragonhawk Rider | 4 | |
35 total
» upgrades
| Defend | 1 | |
| Masonry | 2 | |
| Swords | 1 | |
| Lumber Harvesting | 1 | |
| Sorceress Training | 2 | |
| Priest Training | 2 | |
| Animal War Training | 1 | |
| Cloud | 1 | |
11 total
» buildings
| Altar of Kings | 1 | |
| Barracks | 1 | |
| Farm | 10 | |
| Lumber Mill | 1 | |
| Arcane Vault | 2 | |
| Scout Tower | 5 | |
| Arcane Tower | 2 | |
| Blacksmith | 1 | |
| Keep | 1 | |
| Arcane Sanctum | 2 | |
| Castle | 1 | |
| Gryphon Aviary | 2 | |
| Town Hall | 1 | |
| Guard Tower | 1 | |
31 total
» build order
00:09 Altar of Kings
00:15 Barracks
00:20 Farm
00:52 Farm
01:03 Lumber Mill
02:01 Arcane Vault
02:07 Farm
02:29 Scout Tower
03:01 Arcane Tower
03:01 Arcane Tower
04:12 Blacksmith
04:47 Keep
05:02 Farm
05:05 Farm
07:17 Arcane Sanctum
07:20 Arcane Sanctum
09:47 Castle
10:35 Farm
10:37 Farm
13:44 Gryphon Aviary
13:47 Gryphon Aviary
14:05 Farm
16:33 Scout Tower
16:33 Scout Tower
16:34 Scout Tower
16:35 Scout Tower
16:41 Town Hall
17:34 Guard Tower
20:31 Arcane Vault
21:55 Farm
21:55 Farm
» items
| Scroll of Regeneration | 2 | |
| Lesser Clarity Potion | 2 | |
| Boots of Speed | 1 | |
| Staff of Teleportation | 1 | |
| Potion of Invisibility | 1 | |
| Potion of Healing | 3 | |
| Staff of Sanctuary | 2 | |
| Scroll of Town Portal | 1 | |
13 total
chicityorcs (
green | 29 APM | 1151 actions | 39:44)
5 Tauren Chieftain
3 Shockwave
2 Endurance Aura
3 Shadow Hunter
2 Healing Wave
1 Hex
2 Blademaster
1 Wind Walk
1 Critical Strike
» actions
| Basic commands | 29 | |
| Build / train | 88 | |
| Enter build submenu | 33 | |
| Enter hero's abilities submenu | 10 | |
| Give item / drop item | 3 | |
| Right click | 462 | |
| Select / deselect | 390 | |
| Use ability | 136 | |
1151 total
» units
| Peon | 29 | |
| Grunt | 7 | |
| Demolisher | 1 | |
| Tauren | 4 | |
| Shaman | 1 | |
42 total
» upgrades
| Melee Weapons | 3 | |
| Armor | 2 | |
| Pillage | 1 | |
| Spiked Barricades | 1 | |
| Shaman Training | 2 | |
| Burning Oil | 1 | |
10 total
» buildings
| Barracks | 1 | |
| Orc Burrow | 12 | |
| War Mill | 1 | |
| Altar of Storms | 2 | |
| Voodoo Lounge | 2 | |
| Great Hall | 3 | |
| Watch Tower | 4 | |
| Stronghold | 1 | |
| Spirit Lodge | 1 | |
| Fortress | 1 | |
| Tauren Totem | 2 | |
30 total
» build order
00:22 Barracks
00:33 Orc Burrow
00:55 War Mill
01:40 Orc Burrow
02:02 Altar of Storms
02:42 Voodoo Lounge
04:31 Orc Burrow
05:12 Great Hall
05:56 Watch Tower
06:44 Orc Burrow
06:51 Orc Burrow
06:57 Watch Tower
07:04 Watch Tower
07:39 Stronghold
10:03 Spirit Lodge
10:05 Fortress
14:16 Orc Burrow
15:16 Tauren Totem
16:26 Tauren Totem
16:55 Great Hall
21:38 Orc Burrow
25:27 Orc Burrow
27:48 Altar of Storms
28:09 Orc Burrow
28:36 Orc Burrow
29:33 Watch Tower
29:38 Voodoo Lounge
34:19 Orc Burrow
35:42 Orc Burrow
35:47 Great Hall
» items
| Scroll of Speed | 2 | |
| Lesser Clarity Potion | 8 | |
| Healing Salve | 2 | |
| Potion of Healing | 4 | |
| Potion of Mana | 2 | |
| Scroll of Regeneration | 1 | |
| Scroll of Town Portal | 1 | |
| Orb of Lightning | 1 | |
21 total
FADE-SUX-IN-DAO (
teal | 60 APM | 3104 actions | 51:30)
8 Shadow Hunter
3 Hex
3 Healing Wave
1 Big Bad Voodoo
1 Serpent Ward
» actions
| Assign group hotkey | 47 | |
| Basic commands | 78 | |
| Build / train | 80 | |
| Enter build submenu | 31 | |
| Enter hero's abilities submenu | 8 | |
| Give item / drop item | 3 | |
| Remove unit from queue | 2 | |
| Right click | 1492 | |
| Select / deselect | 328 | |
| Select group hotkey | 836 | |
| Use ability | 199 | |
3104 total
» units
| Peon | 10 | |
| Grunt | 4 | |
| Goblin Shredder | 5 | |
| Troll Batrider | 6 | |
| Wind Rider | 5 | |
| Raider | 3 | |
33 total
» upgrades
| Ranged Weapons | 2 | |
| Reinforced Defenses | 1 | |
| Liquid Fire | 1 | |
| Envenomed Spears | 1 | |
| Armor | 2 | |
| Ensnare | 1 | |
| Melee Weapons | 2 | |
| Pillage | 1 | |
11 total
» buildings
| Altar of Storms | 1 | |
| Orc Burrow | 12 | |
| Barracks | 1 | |
| Voodoo Lounge | 1 | |
| Stronghold | 2 | |
| Great Hall | 4 | |
| War Mill | 2 | |
| Watch Tower | 23 | |
| Fortress | 3 | |
| Beastiary | 5 | |
54 total
» build order
00:10 Altar of Storms
00:21 Orc Burrow
00:36 Barracks
01:25 Orc Burrow
01:56 Voodoo Lounge
02:50 Stronghold
03:22 Orc Burrow
04:28 Great Hall
04:57 War Mill
06:13 Watch Tower
06:13 Watch Tower
07:19 Watch Tower
07:20 Watch Tower
07:20 Watch Tower
07:40 Fortress
07:40 Fortress
08:16 Watch Tower
08:16 Watch Tower
08:22 Beastiary
08:28 Beastiary
09:03 Beastiary
09:12 Watch Tower
09:12 Watch Tower
09:13 Watch Tower
10:29 Watch Tower
10:29 Watch Tower
11:25 Watch Tower
11:26 Watch Tower
11:27 Watch Tower
13:48 Orc Burrow
13:50 Orc Burrow
15:03 Beastiary
15:08 Orc Burrow
15:10 Beastiary
15:13 Stronghold
19:45 Fortress
19:51 Orc Burrow
21:45 Great Hall
22:00 Orc Burrow
24:15 Great Hall
24:29 Great Hall
24:58 Watch Tower
24:58 Watch Tower
24:59 Watch Tower
24:59 Watch Tower
26:10 Watch Tower
26:12 Watch Tower
26:13 Watch Tower
26:14 Watch Tower
34:20 War Mill
41:10 Orc Burrow
41:10 Orc Burrow
41:10 Orc Burrow
41:11 Orc Burrow
» items
| Healing Salve | 2 | |
| Scroll of Town Portal | 2 | |
| Lesser Clarity Potion | 2 | |
| Potion of Lesser Invulnerability | 2 | |
| Orb of Lightning | 1 | |
| Tiny Great Hall | 1 | |
| Staff of Teleportation | 1 | |
| Potion of Mana | 1 | |
| Boots of Speed | 1 | |
| Potion of Invisibility | 1 | |
14 total
BserTheClown (
red | 48 APM | 1547 actions | 32:13)
8 Demon Hunter
3 Immolation
3 Evasion
1 Metamorphosis
1 Mana Burn
» actions
| Basic commands | 25 | |
| Build / train | 83 | |
| Enter build submenu | 32 | |
| Enter hero's abilities submenu | 9 | |
| Give item / drop item | 1 | |
| Remove unit from queue | 2 | |
| Right click | 890 | |
| Select / deselect | 442 | |
| Use ability | 63 | |
1547 total
» units
| Wisp | 35 | |
| Archer | 3 | |
| Chimaera | 5 | |
| Hippogryph | 11 | |
54 total
» upgrades
| Ultravision | 1 | |
| Strength of the Wild | 3 | |
| Reinforced Hides | 3 | |
| Corrosive Breath | 1 | |
| Nature's Blessing | 1 | |
9 total
» buildings
| Moon Well | 8 | |
| Ancient of War | 1 | |
| Altar of Elders | 1 | |
| Hunter's Hall | 1 | |
| Tree of Life | 6 | |
| Tree of Ages | 1 | |
| Ancient Protector | 3 | |
| Tree of Eternity | 1 | |
| Ancient of Wind | 3 | |
| Chimaera Roost | 4 | |
| Ancient of Wonders | 1 | |
30 total
» build order
00:25 Moon Well
00:39 Ancient of War
00:53 Altar of Elders
01:45 Moon Well
02:20 Hunter's Hall
02:39 Moon Well
03:54 Tree of Life
04:10 Tree of Ages
04:40 Ancient Protector
04:43 Ancient Protector
05:33 Ancient Protector
06:40 Tree of Eternity
07:51 Ancient of Wind
07:59 Moon Well
08:58 Moon Well
09:05 Chimaera Roost
09:07 Chimaera Roost
09:10 Chimaera Roost
09:29 Chimaera Roost
10:21 Moon Well
10:26 Ancient of Wonders
11:06 Ancient of Wind
11:22 Moon Well
11:43 Ancient of Wind
18:39 Moon Well
19:43 Tree of Life
22:04 Tree of Life
23:45 Tree of Life
25:24 Tree of Life
29:19 Tree of Life
» items
| Staff of Teleportation | 1 | |
| Scroll of Town Portal | 5 | |
| Orb of Venom | 1 | |
7 total
Chat log
(00:30 / All) FokkJu: fade sucks in DAO, no kidding
(00:42 / All) FADE-SUX-IN-DAO: true dat
(00:47 / All) FADE-SUX-IN-DAO: horrible part of game
(04:23 / All) chicityorcs: n1
(05:45 / All) FADE-SUX-IN-DAO: god damn nigger creeps
(07:41 / All) FokkJu: no way that router is lego that shit is megablox
(07:58 / Allies) LEGOBeavis: stop saying that stuff
(08:07 / Allies) SukMiBaLLz: WHAT YA GUYS GOT?
(08:10 / Allies) SukMiBaLLz: opps sorry
(08:14 / Allies) conmaster: melle
(10:35 / Allies) SukMiBaLLz: wood plz
(10:47 / Allies) SukMiBaLLz: thank u'
(13:21 / Allies) LEGOBeavis: wtf it wasnt this bad like 2 days ago
(13:28 / Allies) SukMiBaLLz: tp man
(13:35 / Allies) LEGOBeavis: couldnt. fucking lag
(14:07 / Allies) SukMiBaLLz: fuckinga
(14:08 / Allies) LEGOBeavis: fuck this. piece of shit
(14:36 / Allies) SukMiBaLLz: 2
(14:38 / All) FokkJu: kill yourself blue, you uncreative hack
(14:39 / Allies) SukMiBaLLz: anyways gonna need some aa over here soon
(14:52 / Allies) SukMiBaLLz: gold plz purp
(15:05 / Allies) SukMiBaLLz: LOL red
(15:10 / Allies) LEGOBeavis: PURP why do u have so much gold lmao
(15:11 / Allies) FokkJu: stop lagging you piece of shit I can't micro
(15:23 / All) SukMiBaLLz: lawl red
(15:29 / Allies) LEGOBeavis: u cant spend gold either
(15:39 / Allies) FokkJu: I can spend it, why spend if I don't have to
(15:41 / Allies) FokkJu: do you know what upkeep is?
(15:42 / Allies) FokkJu: kill yourself
(15:57 / Allies) LEGOBeavis: nah fuck u brah
(16:13 / All) FADE-SUX-IN-DAO: truce yellow?
(16:16 / All) SukMiBaLLz: deal
(16:22 / All) SukMiBaLLz: just let me get red
(16:25 / All) FADE-SUX-IN-DAO: aight
(16:28 / All) SukMiBaLLz: keep batz away
(17:09 / Allies) LEGOBeavis: purp u dont even have shit. kill yourself
(17:11 / Allies) SukMiBaLLz: or dont come guys
(17:15 / Allies) LEGOBeavis: noob
(17:25 / Allies) SukMiBaLLz: gold me purp
(17:32 / Allies) FokkJu: I can do more than you clowns with 50 food
(17:32 / All) SukMiBaLLz: purp give ne ur 7k
(17:34 / Allies) FokkJu: go fuck yourselves
(17:38 / All) FokkJu: you're trash
(17:45 / All) FokkJu: better off the gold doesn't exist than you have it
(17:48 / Allies) LEGOBeavis: lmao
(18:04 / Allies) LEGOBeavis: lol u gonna cry?
(18:17 / Allies) LEGOBeavis: fuck this shit
(18:19 / All) chicityorcs: you are bluffing
(18:20 / Allies) FokkJu: haha
(20:01 / Allies) FokkJu: wood me you turds
(20:08 / Allies) SukMiBaLLz: its in the trees
(20:13 / Allies) FokkJu: thanks bud
(20:22 / Allies) SukMiBaLLz: i already gave ya some wood and u didnt give me shit
(20:24 / Allies) SukMiBaLLz: too bad buddy
(20:25 / Allies) FokkJu: and no, it IS the trees
(20:28 / Allies) FokkJu: shitwit
(23:30 / All) FokkJu: attack me
(23:32 / All) FokkJu: with your chippo
(23:36 / All) FokkJu: I fucking dare you
(23:37 / Allies) SukMiBaLLz: lol
(23:38 / All) FokkJu: garbagecan
(24:05 / Allies) SukMiBaLLz: prolly ging to
(24:07 / Allies) SukMiBaLLz: pink
(24:09 / All) FokkJu: you are a fucking clown
(24:32 / Allies) SukMiBaLLz: :LOL
(24:34 / All) FokkJu: LMFAO
(25:03 / Allies) SukMiBaLLz: lol
(25:04 / All) FokkJu: RETARDS
(25:07 / All) FokkJu: God you guys fucking suck
(25:27 / Allies) FokkJu: this btw is why I'm better off with the gold
(25:44 / Allies) SukMiBaLLz: ya ya just gold mesoem so i can rebuild
(25:53 / Allies) SukMiBaLLz: we got a long way to go
(26:02 / All) FokkJu: why didn't those tp
(26:03 / All) FokkJu: oh, slow
(26:06 / All) FokkJu: that lasts way too long
(26:27 / Allies) SukMiBaLLz: coming
(27:14 / All) FokkJu: was that worth getting my am
(27:17 / All) FokkJu: and 5 units?
(27:20 / All) FokkJu: how much gold do you have to rebuild?
(27:25 / All) FokkJu: I have 8k
(27:44 / Allies) SukMiBaLLz: pally
(27:44 / Allies) SukMiBaLLz: pink
(29:30 / Allies) SukMiBaLLz: lol
(30:43 / Allies) SukMiBaLLz: lol
(31:09 / All) FokkJu: red
(31:14 / All) FokkJu: I hope you enjoyed having a base
(31:16 / Allies) SukMiBaLLz: tp oll
(31:20 / All) FokkJu: because you are losing it
(31:45 / Allies) SukMiBaLLz: dh
(31:48 / Allies) SukMiBaLLz: no tp
(31:48 / Allies) FokkJu: why the fuck did you sleep the paladin rather than bm
(31:54 / Allies) SukMiBaLLz: so noheak
(31:56 / Allies) SukMiBaLLz: no heal
(32:27 / All) FokkJu: lol
(32:29 / All) FADE-SUX-IN-DAO: i dont think he liked i tp staffed his hero
(33:07 / Allies) SukMiBaLLz: ahhhhhh
(33:11 / Allies) FokkJu: peace and quiet
(33:15 / Allies) FokkJu: yes, I am glad to have it too
(33:20 / Allies) FokkJu: ahhhh, the dl is gone
(33:51 / Allies) conmaster: my town dude
(33:57 / Allies) FokkJu: not anymore
(34:22 / Allies) conmaster: wtf
(34:27 / Allies) FokkJu: I don't like you or yellow or orange
(34:34 / Allies) FokkJu: so I'm going to kill every single unit you have
(34:40 / Allies) FokkJu: and every single structure
(34:42 / Allies) FokkJu: you're welcome
(35:14 / Allies) conmaster: so coward
(35:22 / Allies) conmaster: grow up
(36:29 / Allies) FokkJu: time for you to go too
(36:30 / Allies) FokkJu: bye-bye
(36:44 / All) conmaster: fucking coward
(36:54 / All) FokkJu: I'm facing my enemy and slaying him
(37:01 / All) FokkJu: just so happens he's on my team
(37:08 / All) conmaster: why dont you play solo then
(37:16 / All) FokkJu: no allies to kill
(37:16 / All) conmaster: fucking coward
(37:16 / All) FokkJu: duh
(37:31 / All) FADE-SUX-IN-DAO: why is purp a coward
(37:45 / All) conmaster: watch the replay
(37:58 / All) conmaster: gave him resouces then he bs
(38:16 / All) FokkJu: they're better with me than with you
(38:30 / All) FokkJu: so close to finishing that expo :'(
(38:31 / All) conmaster: shut the fuck up kid
(38:35 / All) FokkJu: or what
(38:37 / All) FokkJu: will you kill me
(38:39 / All) FokkJu: with your 0 food?
(39:07 / All) FADE-SUX-IN-DAO: All) conmaster: go to the mustang!!!(41:41 / All) conmaster: ohoh CIVIL WAR !!!!!!
(39:35 / All) FADE-SUX-IN-DAO: conmaster: just suck each other's cocks and get over with
(39:44 / All) conmaster: if it wasnt for me purple could never won
(39:47 / All) conmaster: lol
(40:11 / All) conmaster: run ;like a bitch
(40:29 / All) FADE-SUX-IN-DAO: i was afk lawl
(40:33 / All) FokkJu: oh
(40:47 / All) FADE-SUX-IN-DAO: well shit ur right
(40:48 / All) FADE-SUX-IN-DAO: GG
(40:51 / All) FADE-SUX-IN-DAO: u guys owned us hard
(40:56 / All) FADE-SUX-IN-DAO: not sure wut happened on ur side
(40:57 / All) FokkJu: pink gets the loss
(40:58 / All) conmaster: yup I did
(41:02 / All) FokkJu: no
(41:06 / All) FokkJu: you might as well have not been here
(41:08 / All) FokkJu: and been afk all game
(41:14 / All) conmaster: watch the replay
(41:16 / All) FokkJu: you are fucking bottom of the barrel low ell sub-30% garbage
(41:21 / All) conmaster: iowned them
(41:24 / All) FokkJu: I killed their team, not you, you were cannon fodder
(41:34 / All) FADE-SUX-IN-DAO: im a newish player pink did i do okay?
(41:35 / All) conmaster: you had shit
(41:43 / All) FokkJu: and I did more with 50 food than you did all game
(41:46 / All) conmaster: until i gave you resources\
(41:56 / All) conmaster: shut the fuck up kid
(41:58 / All) conmaster: lol
(42:08 / All) FADE-SUX-IN-DAO: u dont remember us pink?
(42:19 / All) FADE-SUX-IN-DAO: robert griffin the 3rd king of garbage time
(42:25 / All) FADE-SUX-IN-DAO: we said that december 9 2013
(42:37 / All) conmaster: as long as i played well
(42:45 / All) conmaster: fuck you
(42:46 / All) FokkJu: don't think that's possible, trashcan
(42:48 / All) conmaster: kid
(42:54 / All) FokkJu: one of us has units
(42:56 / All) FADE-SUX-IN-DAO: purple why are u tking him
(42:56 / All) FokkJu: the other does not
(42:58 / All) FokkJu: which one is it?
(43:04 / All) FokkJu: when you answer that, you also find out who is the superior player
(43:24 / All) conmaster: backstabb then talk shit
(43:26 / All) conmaster: lol
(43:29 / All) FADE-SUX-IN-DAO: lol
(43:40 / All) conmaster: what a coward
(43:40 / All) FokkJu: I'm sure you're laughing from where you are, "kid"
(43:44 / All) FADE-SUX-IN-DAO: lets do a archmage vs sh battle
(43:54 / All) FADE-SUX-IN-DAO: at mana fountain
(43:55 / All) FokkJu: k
(44:01 / All) conmaster: you are younger than a baby
(44:09 / All) conmaster: go change your diaper
(44:13 / All) FokkJu: I think that's called an unborn fetus
(44:15 / All) FADE-SUX-IN-DAO: pink y are u angry purp seems like a cool guy
(44:17 / All) conmaster: Lol
(46:00 / All) FokkJu: LAWL
(46:02 / All) FokkJu: nice tiny hall
(46:37 / All) FADE-SUX-IN-DAO: imba as shit with mana fountain
(47:09 / All) FokkJu: lawl
(48:27 / All) FokkJu: gay
(49:13 / All) FokkJu: lawl
(49:16 / All) FADE-SUX-IN-DAO: gay
(49:18 / All) FokkJu: I was getting pissed off
(49:20 / All) FokkJu: had to cheat
(49:31 / All) FADE-SUX-IN-DAO: sh is imba as hell with mana fountain
(50:05 / All) FokkJu: Any final words for yourself?
(50:22 / All) FokkJu: had to do that
(50:25 / All) FokkJu: nothing personal
(50:55 / All) FokkJu: lucky
(51:20 / All) FADE-SUX-IN-DAO: pink dont leave us!
(51:27 / All) FokkJu: Pink is a loser